 Dungeon Crawl Stone Soup version 0.31-a0-564-g3b7de120b3 (webtiles) character file.

Game seed: 11583741384018044049

49 zazu2006 the Magician (level 3, -1/28 HPs)
             Began as a Naga Hedge Wizard on Aug 17, 2023.
             Slain by a gnoll
             ... wielding a +0 spear
              (7 damage)
             ... on level 2 of the Dungeon.
             The game lasted 00:02:59 (2026 turns).

zazu2006 the Magician (Naga Hedge Wizard)           Turns: 2026, Time: 00:02:59

Health: -1/28      AC:  2    Str: 12    XL:     3   Next: 75%
Magic:  8/8        EV:  9    Int: 16    God:
Gold:   99         SH:  0    Dex: 10    Spells: 4/10 levels left

rFire   . . .        a - +0 dagger
rCold   . . .        (no shield)
rNeg    . . .        b - +0 robe
rPois   +            c - +0 hat
rElec   .            (no cloak)
rCorr   .            (no gloves)
SInv    +            (no barding)
Will    .....        (no amulet)
Stlth   +            (no ring)
HPRegen 0.24/turn    (no ring)
MPRegen 0.11/turn

%: no passive effects
@: confused, short of breath, ambrosia-drunk, very slow
A: AC +1, large, see invisible, deformed body, poison resistance, slowness 2,
spit poison 1, naga tail 1
a: Spit Poison


You were on level 2 of the Dungeon.
You visited 1 branch of the dungeon, and saw 2 of its levels.

You collected 99 gold pieces.

Inventory:

Hand Weapons
 a - a +0 dagger (weapon)
Armour
 b - a +0 robe (worn)
 c - a +0 hat (worn)
Scrolls
 e - 4 scrolls of identify {unknown}
 f - a scroll of fog {unknown}
 g - a scroll of poison {unknown}
 h - 2 scrolls of blinking {unknown}
 k - a scroll of revelation {unknown}
 l - a scroll of enchant weapon {unknown}
 m - a scroll of brand weapon {unknown}
 n - a scroll of vulnerability {unknown}
Potions
 o - a potion of enlightenment {unknown}


   Skills:
 + Level 1.6 Dodging
 + Level 3.2 Stealth
 + Level 4.1 Spellcasting
 + Level 1.2 Conjurations
 + Level 1.0 Summonings
 + Level 1.0 Translocations


You had 4 spell levels left.
You knew the following spells:

 Your Spells              Type           Power      Damage    Failure   Level
a - Magic Dart            Conj           28%        1d4       10%         1
b - Mephitic Cloud        Conj/Pois/Air  4%         N/A       38%         3
c - Blink                 Tloc           12%        N/A       17%         2

Your spell library contained the following spells:

 Spells                   Type           Power      Damage    Failure   Level
 Momentum Strike          Conj/Tloc      14%        3d8       16%         2
 Slow                     Hex            12%        N/A       17%         1
 Call Imp                 Summ           12%        N/A       17%         2
 Lesser Beckoning         Tloc           12%        N/A       17%         2
 Cigotuvi's Dreadful Rot  Necr/Pois/Air  6%         N/A       26%         2


Dungeon Overview and Level Annotations

Branches:
Dungeon (2/15)

Altars:


Innate Abilities, Weirdness & Mutations

Your serpentine skin is tough. (AC +1)
You have supernaturally acute eyesight. (SInv)
Armour fits poorly on your strangely shaped body.
Your system is resistant to poisons. (rPois)
You cover ground very slowly.
You can spit poison.
You have a snake-like lower body.


Message History

Aiming: Mephitic Cloud (extremely dangerous; 38% risk of failure)
Press: ? - help, Shift-Dir - straight line, f/p - gnoll
Aim: a gnoll, wielding a +0 club (lightly wounded, chance to affect: 91%)
The ball explodes into a vile cloud!
The stinking cloud engulfs the gnoll but does no damage.
The stinking cloud engulfs you but does no damage.
The stinking cloud engulfs the gnoll but does no damage.
The gnoll is lightly wounded.
The gnoll is engulfed in noxious fumes.
The gnoll appears confused.
The gnoll barely misses you.
Unknown command.
You hit the gnoll.
The gnoll is moderately wounded.
Something barely misses the gnoll.
The gnoll is engulfed in noxious fumes.
The gnoll appears confused.
The gnoll barely misses you. The gnoll hits you with a +0 club.
You feel stable enough to blink again.
Something hits the gnoll.
The gnoll is engulfed in noxious fumes.
The gnoll appears confused.
Your magical contamination has completely faded away.
Casting: Mephitic Cloud (extremely dangerous; 38% risk of failure)
Confirm with . or Enter, or press ? or * to list all spells.
Okay, then.
Aiming: Spit Poison (2% risk of failure)
Press: ? - help, Shift-Dir - straight line, f/p - gnoll
Aim: a gnoll, wielding a +0 club (lightly wounded, 65% to hit)
The splash of poison hits the gnoll.
The gnoll is poisoned.
The gnoll is lightly wounded.
The gnoll hits you with a +0 spear! The gnoll hits you with a +0 club.
* * * LOW HITPOINT WARNING * * *
You hit the gnoll.
The gnoll is almost dead.
The gnoll barely misses you. The gnoll hits you with a +0 club.
* * * LOW HITPOINT WARNING * * *
Unknown command.
It was a potion of ambrosia.
You are confused.
You feel invigorated.
The gnoll hits you from afar with a +0 spear!
You die...

#.# #.# #.#
#####.# #.....#
#.....#######
#...........# #
#..g........# .
#.@g.>........ .
####g...<...## .
#.........### #..
##.##...#.# #..
#.##)..#.# #..
#.##...#.# #..
#g##...#.# #..
#######g###..#.###
#.. #.....#.#
#.....# #..


You could see 3 gnolls.

Vanquished Creatures
  An adder (D:2)
  A worm (D:2)
  3 dart slugs
  4 ball pythons
  4 endoplasms
  A giant cockroach (D:1)
  6 goblins
  2 hobgoblins
  A kobold (D:1)
  A quokka (D:2)
  A frilled lizard (D:2)
  2 rats
27 creatures vanquished.

Notes
Turn   | Place    | Note
-------+----------+-------------------------------------------
     0 | D:1      | zazu2006 the Naga Hedge Wizard began the quest for the Orb.
     0 | D:1      | Reached XP level 1. HP: 15/15 MP: 4/4
   370 | D:1      | Reached XP level 2. HP: 22/22 MP: 4/6
  1247 | D:2      | Reached XP level 3. HP: 28/28 MP: 5/8
  1251 | D:2      | Learned a level 3 spell: Mephitic Cloud
  1254 | D:2      | Learned a level 2 spell: Blink
  1802 | D:2      | Reached skill level 4 in Spellcasting
  2026 | D:2      | Slain by a gnoll

Illustrated notes

Levels and vault maps discovered:
D:1:      lemuel_arrival_behind_the_door_large, layout_basic,
          corexii_leaking_fountain
D:2:      layout_basic

Skill      XL: |  1  2  3 |
---------------+----------+-----
Spellcasting   | 4 |  4.1
Dodging        | |  1.6
Stealth        | |  3.2
Conjurations   | |  1.2
Summonings     | |  1.0
Translocations | |  1.0

Action                     || total
---------------------------++-------
  Melee: Dagger            ||    19
   Cast: Magic Dart        ||    68
         Mephitic Cloud    ||     3
         Blink             ||     2
Ability: Spit Poison       ||     5
    Use: Potion            ||     3
  Dodge: Dodged            ||    16

Table legend: (Time is in decaauts)
 A = Elapsed time spent in this place.
 B = Non-inter-level travel time spent in this place.
 C = Inter-level travel time spent in this place.
 D = Time resting spent in this place.
 E = Time spent auto-exploring this place.
 F = Levels seen in this place.
 G = Mean time per level.
                   A        B        C        D        E       F      G
               +--------+--------+--------+--------+--------+-----+--------+
         Total |   2513 |   2505 |      8 |     20 |   2201 |   2 | 1256.5 |
       Dungeon |   2513 |   2505 |      8 |     20 |   2201 |   2 | 1256.5 |
               +--------+--------+--------+--------+--------+-----+--------+

Top non-repeatable levels by time:
     D:1: 1550 daAuts
     D:2: 963 daAuts
